 Dungeon Crawl Stone Soup version 0.31.0-11-ge490571c62 (webtiles) character file.

Game seed: 11397423365406533596

1089 qw the Skirmisher (level 8, -3/40 HPs)
             Began as a Spriggan Hunter on Feb 5, 2024.
             Incinerated by a bombardier beetle (4 damage)
             ... with a burning spray
             ... on level 5 of the Dungeon.
             The game lasted 00:01:42 (3478 turns).

qw the Skirmisher (Spriggan Hunter)                 Turns: 3478, Time: 00:01:43

Health: -3/40      AC:  7    Str: 13    XL:     8   Next: 9%
Magic:  9/9        EV: 38    Int: 10    God:
Gold:   213        SH:  0    Dex: 21    Spells: 7/7 levels left

rFire   . . .        a - +1 shortbow
rCold   + . .        (shield currently unavailable)
rNeg    . . .        f - +2 robe {rC+}
rPois   .            (helmet restricted)
rElec   .            g - +2 cloak
rCorr   .            (gloves unavailable)
SInv    +            (boots unavailable)
Will    +....        j - amulet of the acrobat
Stlth   +            e - +6 ring of strength
HPRegen 0.26/turn    (no ring)
MPRegen 0.11/turn

%: acrobat
@: on fire, acrobatic, glowing, very quick
A: very small, no large weapons, unfitting armour, see invisible, speed 3
a: no special abilities


You were on level 5 of the Dungeon.
You visited 1 branch of the dungeon, and saw 5 of its levels.

You collected 213 gold pieces.


Innate Abilities, Weirdness & Mutations

You are very small and have problems with some larger weapons.
You are too small for most types of armour.
You have supernaturally acute eyesight. (SInv)
You cover ground extremely quickly. (Speed+++)


   Skills:
 - Level 3.0 Fighting
 + Level 8.0 Ranged Weapons
 - Level 8.0 Dodging
 - Level 1.5 Stealth


You had 7 spell levels left.
You didn't know any spells.
Your spell library was empty.

Inventory:

Hand Weapons
 a - a +1 shortbow (weapon)
Armour
 f - a +2 robe of cold resistance (worn)
 g - a +2 cloak (worn)
Jewellery
 e - a +6 ring of strength (left hand)
 j - an amulet of the acrobat (around neck)
Wands
 h - a wand of flame (12)
 k - a wand of roots (8)
Potions
 b - 3 potions of curing
 d - a potion of mutation {unknown}
 i - a potion of heal wounds

Dungeon Overview and Level Annotations

Branches:
Dungeon (5/15)
 Temple: D:4-7

Altars:
Dithmenos
Gozag
Hepliaklqana
Kikubaaqudgha
Sif Muna
Trog
Vehumet
Yredelemnul

Shops:
D:4 [


Message History

You shoot an arrow. The arrow hits the orc wizard.
The orc wizard is heavily wounded.
The liquid fire burns you!
The orc wizard hits you but does no damage.
You shoot an arrow. The arrow hits the orc wizard.
The orc wizard is heavily wounded.
The liquid fire burns you!
The orc wizard points at you and mumbles some strange words.
The puff of flame misses you.
3468 ||| DRINKING 2 potions of heal wounds.
You feel much better. The liquid fire burns you!
The orc wizard hits you but does no damage.
You shoot an arrow. The arrow hits the orc wizard.
The orc wizard is almost dead.
The liquid fire burns you! The orc wizard completely misses you.
You shoot an arrow.
The arrow closely misses the orc wizard.
The liquid fire burns you! The orc wizard barely misses you.
You shoot an arrow. The arrow hits the orc wizard.
You kill the orc wizard!
The liquid fire burns you!
Your Fighting skill increases to level 3!
You are on fire!
The liquid fire burns you!
You are on fire!
The liquid fire burns you!
You are on fire!
The liquid fire burns you!
You are on fire!
The liquid fire burns you!
You are on fire!
The liquid fire burns you!
You are on fire!
The liquid fire burns you!
You are on fire!
The liquid fire burns you!
You die...

........####.#.####.[.
..##..#.# #..............:
..##..#.####........#....
...#............##..#.#.###
...##.#.######..##..#...h.
................##<.#!..#
....................#...#
.#..#....#####.)##..#...#
....+...........@)...)..###.#
.#..#...........###..........
.............................
.#..#...######..###.#........
..<.....# #..# #.###.#.#.#
.#..#...# ....# #.# .#.# .
.#..#...# ###..# #.# .. .
.#... ..# .... ... ... .
#..#...# ##..# #.# #.#


There were no monsters in sight!

Vanquished Creatures
  Eustachio (D:4)
  A black bear (D:5)
  An ice beast (D:4)
  3 ogres
  A scorpion (D:4)
  A bombardier beetle (D:5)
  A jelly (D:5)
  An iguana (D:4)
  Natasha (D:2)
  Ijyb (D:4)
  4 orc wizards
  Robin (D:3)
  4 gnolls (D:4)
  7 adders
  A shadow imp (D:5)
  2 dart slugs
  2 ribbon worms
  10 orcs
  5 bats
  8 endoplasms
  11 giant cockroaches
  5 hobgoblins
  4 quokkas
  3 ball pythons
  A frilled lizard (D:1)
  16 goblins
  10 kobolds
  3 rats
109 creatures vanquished.

Notes
Turn   | Place    | Note
-------+----------+-------------------------------------------
     0 | D:1      | qw the Spriggan Hunter began the quest for the Orb.
     0 | D:1      | Reached XP level 1. HP: 10/10 MP: 2/2
     0 | D:1      | 0 ||| qw: Version: 0.3-a-160-g6735b56
     0 | D:1      | 0 ||| qw: Game counter: 6348
     0 | D:1      | 0 ||| qw: Melee chars always use a shield: true
     0 | D:1      | 0 ||| qw: God list: Okawaru
     0 | D:1      | 0 ||| qw: Allow faded altars: false
     0 | D:1      | 0 ||| qw: Do Orc after clearing Dungeon:15 true
     0 | D:1      | 0 ||| qw: Do second Lair branch before Depths: true
     0 | D:1      | 0 ||| qw: Lair rune preference: random
     0 | D:1      | 0 ||| qw: Goals: Normal
     0 | D:1      | 0 ||| PLANNING D:1-11
    59 | D:1      | 59 ||| DROPPING +0 sling of freezing.
    68 | D:1      | Reached skill level 3 in Dodging
   227 | D:1      | Reached XP level 2. HP: 10/14 MP: 3/3
   436 | D:1      | 436 ||| UPGRADING to +2 robe of cold resistance.
   446 | D:1      | 446 ||| DROPPING +0 robe.
   447 | D:1      | 447 ||| UPGRADING to +6 ring of strength.
   448 | D:1      | 448 ||| READING scroll labelled TIUSUE UPHIRYU.
   449 | D:1      | 449 ||| DRINKING 2 smoky coppery potions.
   450 | D:1      | 450 ||| DRINKING 2 dark potions.
   451 | D:1      | 451 ||| DROPPING scroll of butterflies.
   452 | D:1      | 452 ||| DROPPING potion of degeneration.
   603 | D:2      | Reached XP level 3. HP: 18/18 MP: 4/4
   899 | D:2      | HP: 4/18 [poisoned by an adder]
  1154 | D:2      | 1154 ||| UPGRADING to +0 cloak.
  1214 | D:3      | Noticed Robin
  1215 | D:3      | 1215 ||| STAIRDANCE
  1223 | D:3      | 1223 ||| STAIRDANCE
  1289 | D:3      | 1289 ||| STAIRDANCE
  1299 | D:2      | HP: 4/18 [goblin/+0 dagger[Robin] (1)]
  1300 | D:2      | 1300 ||| DRINKING potion of heal wounds.
  1305 | D:2      | Reached XP level 4. HP: 15/23 MP: 5/5
  1340 | D:3      | 1340 ||| STAIRDANCE
  1378 | D:3      | Killed Robin
  1428 | D:2      | Noticed Natasha
  1434 | D:2      | HP: 4/23 [Natasha (5)]
  1437 | D:2      | Killed Natasha
  1442 | D:2      | HP: 5/23 [constriction (1)]
  1520 | D:2      | You fall into a shaft and drop 1 floor!
  1691 | D:3      | 1691 ||| UPGRADING to amulet of the acrobat.
  1696 | D:3      | 1696 ||| READING scroll labelled EXURAMPAPNY.
  1696 | D:3      | 1696 ||| IDENTIFYING lumpy red potion
  1697 | D:3      | 1697 ||| READING scroll labelled VOPYDO NYARAQ.
  1777 | D:2      | Reached XP level 5. HP: 25/26 MP: 6/6
  1852 | D:2      | 1852 ||| READING scroll labelled VIGHO JOUVECS.
  1852 | D:2      | 1852 ||| ENCHANTING +0 cloak.
  1853 | D:2      | 1853 ||| READING scroll labelled VOIZXYI PAECH.
  1854 | D:2      | 1854 ||| READING scroll labelled SASCHE YXOTYAN.
  1854 | D:2      | 1854 ||| ENCHANTING +0 shortbow.
  2055 | D:3      | 2055 ||| DROPPING +1 cloak.
  2117 | D:4      | 2117 ||| READING scroll of enchant armour.
  2117 | D:4      | 2117 ||| ENCHANTING +1 cloak.
  2195 | D:4      | Noticed an ice beast
  2201 | D:4      | Killed an ice beast
  2202 | D:4      | Reached skill level 6 in Ranged Weapons
  2202 | D:4      | Reached XP level 6. HP: 30/30 MP: 7/7
  2202 | D:4      | Found Otell's Armour Boutique.
  2211 | D:4      | 2211 ||| READING scroll labelled DITAMIG PEGO.
  2312 | D:4      | 2312 ||| DRINKING 2 viscous coppery potions.
  2313 | D:4      | 2313 ||| DROPPING potion of brilliance.
  2347 | D:4      | Found a hazy altar of Hepliaklqana.
  2498 | D:4      | Reached skill level 6 in Dodging
  2580 | D:4      | 2580 ||| FLEEEEING.
  2633 | D:4      | Found a shadowy altar of Dithmenos.
  2649 | D:4      | Noticed Ijyb
  2657 | D:4      | Killed Ijyb
  2735 | D:4      | Noticed Eustachio
  2737 | D:4      | 2737 ||| RETREEEEATING.
  2739 | D:4      | 2739 ||| RETREEEEATING.
  2744 | D:4      | 2744 ||| RETREEEEATING.
  2745 | D:4      | 2745 ||| RETREEEEATING.
  2750 | D:4      | 2750 ||| RETREEEEATING.
  2753 | D:4      | 2753 ||| RETREEEEATING.
  2754 | D:4      | 2754 ||| RETREEEEATING.
  2755 | D:4      | 2755 ||| RETREEEEATING.
  2768 | D:4      | Killed Eustachio
  2769 | D:4      | Reached XP level 7. HP: 27/35 MP: 8/8
  2893 | D:4      | Found a basalt altar of Yredelemnul.
  2893 | D:4      | Found a radiant altar of Vehumet.
  2900 | D:4      | Found an opulent altar of Gozag.
  2902 | D:4      | Found a shimmering blue altar of Sif Muna.
  2904 | D:4      | Found an ancient bone altar of Kikubaaqudgha.
  3123 | D:4      | Found a bloodstained altar of Trog.
  3201 | D:4      | 3201 ||| READING scroll labelled KOVI SEIMOMN.
  3333 | D:5      | Entered Level 5 of the Dungeon
  3420 | D:5      | 3420 ||| FLEEEEING.
  3421 | D:5      | 3421 ||| FLEEEEING.
  3429 | D:5      | 3429 ||| RETREEEEATING.
  3430 | D:5      | 3430 ||| RETREEEEATING.
  3432 | D:5      | 3432 ||| RETREEEEATING.
  3454 | D:5      | Reached XP level 8. HP: 39/39 MP: 9/9
  3467 | D:5      | HP: 9/39 [burnt (5)]
  3468 | D:5      | 3468 ||| DRINKING 2 potions of heal wounds.
  3472 | D:5      | Reached skill level 3 in Fighting
  3475 | D:5      | HP: 7/40 [burnt (4)]
  3477 | D:5      | HP: 1/40 [burnt (4)]
  3478 | D:5      | Incinerated by a bombardier beetle

Levels and vault maps discovered:
D:1:      scummos_arrival_hexagon, layout_rooms, minmay_octomino_j4
D:2:      minmay_roachtagon, layout_loops_cross, uniq_natasha
D:3:      layout_rooms, grunt_decor_one_mirror, uniq_robin
D:4:      layout_loops_corners, grunt_dithmenos_smoke_and_mirrors,
          mainiacjoe_overflow_paths, chequers_temple_overflow_minitemple,
          trog_hazing_becter, serial_shops, nicolae_diamond_shop,
          grunt_decor_resistance, uniq_eustachio, uniq_ijyb
D:5:      layout_basic, ebering_ghost_gozag

Skill      XL: |  1  2  3  4  5  6  7  8 |
---------------+-------------------------+-----
Dodging        | 3 4 5 6 8 |  8.0
Ranged Weapons | 5 6 7 8 |  8.0
Fighting       | 2 3 |  3.0
Stealth        | |  1.5

Action                     |  1- 3 |  4- 6 |  7- 9 || total
---------------------------+-------+-------+-------++-------
   Fire: Shortbow          |   178 |   177 |    88 ||   443
    Use: Potion            |     3 |     1 |     1 ||     5
         Scroll            |     1 |     7 |     1 ||     9
 Armour: Robe              |    61 |    51 |     5 ||   117
  Dodge: Dodged            |   150 |   127 |    49 ||   326

Table legend:
 A = Non-vault XP
 B = Vault XP
 C = Vault XP percentage of total XP
 D = Non-vault monster count
 E = Vault monster count
 F = Vault count percentage of total count
                 A         B        C        D         E       F
            +---------+---------+-------+---------+---------+-------
      Total |    1229 |     328 |  21.1 |      75 |      34 |  31.2
            +---------+---------+-------+---------+---------+-------
        D:1 |      13 |       7 |  35.0 |       7 |       4 |  36.4
        D:2 |      87 |      76 |  46.6 |      21 |      21 |  50.0
        D:3 |       9 |      15 |  62.5 |       5 |       1 |  16.7
        D:4 |     704 |     230 |  24.6 |      31 |       8 |  20.5
        D:5 |     416 |       0 |   0.0 |      11 |       0 |   0.0
            +---------+---------+-------+---------+---------+-------
